 Dungeon Crawl Stone Soup version 0.28.0-53-g5a82cb258f (webtiles) character file.

Game seed: 10834412745683714862

3378 Revguard the Unbeliever (level 9, -1/69 HPs)
             Began as a Demonspawn Fighter on July 1, 2022.
             Killed by divine providence
             ... invoked by an orc high priest
              (15 damage)
             ... in a bailey.
             The game lasted 00:20:58 (8558 turns).

Revguard the Unbeliever (Demonspawn Fighter)        Turns: 8558, Time: 00:20:59

Health: -1/69      AC: 17    Str: 19    XL:     9   Next: 74%
Magic:  13/13      EV: 13    Int:  9    God:
Gold:   186        SH: 10    Dex: 15    Spells: 8/8 levels left

rFire   + + +      SeeInvis .   a - +0 war axe
rCold   + . .      Faith    .   c - +1 buckler
rNeg    . . .      Spirit   .   u - +2 acid dragon scales
rPois   +          Reflect  .   e - +0 helmet
rElec   +          Harm     .   (no cloak)
rCorr   +          Rampage  .   (no gloves)
Will    .....                   (no boots)
Stlth   +.........              (no amulet)
HPRegen 0.21/turn               h - ring of protection from fire
MPRegen 0.26/turn               n - ring of protection from fire

@: resistant
A: slimy green scales 2, icemail 1, magic regeneration, condensation shield,
demonic touch 1, talons 1, subdued magic 1
a: no special abilities


You were in a bailey.
You visited 2 branches of the dungeon, and saw 8 of its levels.
You also visited: Sewer and Bailey.

You collected 322 gold pieces.
You spent 136 gold pieces at shops.

Inventory:

Hand Weapons
 a - a +0 war axe (weapon)
Armour
 c - a +1 buckler (worn)
 e - a +0 helmet (worn)
 u - +2 acid dragon scales (worn)
Jewellery
 h - a ring of protection from fire (left hand)
 n - a ring of protection from fire (right hand)
Wands
 o - a wand of iceblast (8)
 q - a wand of charming (5)
Scrolls
 d - 4 scrolls of enchant armour
 t - a scroll of fog
Potions
 f - 3 potions of magic
 l - a potion of lignification
 p - a potion of brilliance
 r - a potion of resistance


   Skills:
 + Level 6.0 Fighting
 + Level 5.1 Axes
 + Level 5.4 Armour
 + Level 4.4 Dodging
 + Level 5.5 Shields
 + Level 6.6 Invocations
 + Level 5.1 Evocations


You had 8 spell levels left.
You didn't know any spells.
Your spell library contained the following spells:

 Spells                   Type           Power      Damage    Failure   Level
 Corpse Rot               Necr/Air       0%         N/A       67%         2
 Poisonous Vapours        Pois/Air       0%         N/A       67%         2
 Gell's Gravitas          Tloc           0%         N/A       88%         3
 Teleport Other           Tloc           0%         N/A       88%         3
 Dispersal                Tloc           0%         N/A       100%        6


Dungeon Overview and Level Annotations

Branches:
Dungeon (7/15)             Temple (1/1) D:4           Sewer (visited)
 Bailey (1/1)

Altars:
Ashenzari
Cheibriados
Elyvilon
Fedhas
Hepliaklqana
Kikubaaqudgha
Makhleb
Nemelex Xobeh
Qazlal
Sif Muna
Uskayaw
Vehumet
Wu Jian
Xom
Zin
The Shining One

Shops:
D:4 *   D:6 =


Innate Abilities, Weirdness & Mutations

You are mostly covered in slimy green scales. (AC +3)
A meltable icy envelope protects you from harm. (AC +4)
You regenerate magic rapidly.
A meltable shield of frost defends you. (SH +4)
Your touch may inflict minor irresistible damage on your foes.
You have sharp toenails.
Your spells are a little easier to cast, but a little less powerful.


Message History

An orc high priest comes into view. It is wielding a +0 war axe.
The orc knight shouts!
The orc warrior shouts!
You block the orc warrior's attack.
The orc high priest invokes the aid of Beogh against you.
Beogh smites you!
You closely miss the orc warrior. You claw the orc warrior.
The orc warrior is lightly wounded.
The orc warrior closely misses you.
The orc high priest calls down the wrath of Beogh upon you.
Beogh smites you!
An orc warrior comes into view. It is wielding a +0 war axe.
The orc high priest mumbles some strange prayers to Beogh.
The orc warrior hits you with a +0 war axe.
You hear a shout!
You barely miss the hellwing. Your kick misses the hellwing.
You barely miss the orc high priest.
You hit the orc warrior but do no damage.
The orc knight roars a battlecry!
The orcs go into a battle-frenzy!
An orc warrior comes into view. It is wielding a +0 war axe.
You block the orc warrior's attack.
The hellwing hits you but does no damage.
The hellwing barely misses you. The orc high priest misses you.
You feel protected. The orc warrior barely misses you.
The hellwing completely misses you. You block the hellwing's attack.
The orc high priest calls upon Beogh to heal the orc warrior.
The orc warrior's wounds heal themselves!
The orc high priest calls down the wrath of Beogh upon the orc warrior.
Beogh smites you! The hellwing hits you. You block the hellwing's attack.
The orc warrior hits you with a +0 war axe!
* * * LOW HITPOINT WARNING * * *
You block the hellwing's attack.
The hellwing hits you but does no damage.
The orc high priest says, "Oblivion to the unbeliever."
The orc high priest prays to Beogh.
The orc high priest mumbles some strange prayers to Beogh against you.
Beogh smites you!
You die...

#....'....)#[......#.
#≈≈≈≈≈#....#....)')8.8)8.#.
#≈≈≈≈≈#.##############.).##
#≈≈≈≈≈≈.#. #..... #≈≈≈≈≈≈.#
#..... #≈≈≈≈≈≈.# #####'
#≈≈≈≈≈≈.######### . #....
#≈≈≈≈≈≈.#..8.8o.#.... #...)
#≈≈≈≈≈≈∩..@343oooo_.. #..⌠.
#≈≈≈≈≈≈.#..8.8oo#.... #....
#≈≈≈≈≈≈.######### .. #....
#≈≈≈≈≈≈.#..# #####'
#≈≈≈≈≈≈.#[[# #.....
#≈≈≈≈≈≈.#[['.# #...).
#≈≈≈≈≈#.##############...##
#≈≈≈≈≈#....#.....).8.8.8.#
#≈≈≈≈≈#....'.....#)......#


You could see an orc knight, 2 orc high priests, 2 sun demons, a hellwing
(summoned) and 4 orc warriors.

Vanquished Creatures
  Maggie (D:6)
  Sigmund (D:6)
  A wyvern (D:7)
  Duvessa (D:6)
  A water moccasin (D:5)
  A sky beast (D:5)
  An ice beast (D:7)
  6 orc warriors
  2 necrophages
  3 ogres
  A phantom (D:6)
  3 kobold brigands
  A bullfrog (D:6)
  A water moccasin skeleton (D:4)
  Dowan (D:6)
  2 howler monkeys
  A centaur zombie (D:5)
  2 hounds
  2 bullfrog skeletons (D:6)
  A centaur skeleton (D:6)
  3 orc priests
  4 iguanas
  3 orc wizards
  4 gnolls
  9 river rats (Sewer)
  10 adders
  A white imp (D:5)
  2 ufetubi (D:5)
  4 worms
  A dart slug (D:2)
  18 orcs
  13 ball pythons
  2 bat zombies (D:3)
  10 endoplasms
  2 giant cockroaches
  13 goblins
  9 hobgoblins
  18 jackals
  43 kobolds
  2 quokkas (D:2)
  8 bats
  4 frilled lizards
  24 rats
  A rat zombie (D:3)
241 creatures vanquished.

Vanquished Creatures (others)
  6 plants (D:6)
6 creatures vanquished.

Grand Total: 247 creatures vanquished

Notes
Turn   | Place    | Note
-------+----------+-------------------------------------------
     0 | D:1      | Revguard the Demonspawn Fighter began the quest for the
                  | Orb.
     0 | D:1      | Reached XP level 1. HP: 18/18 MP: 1/1
   127 | D:1      | Gained mutation: You are partially covered in slimy green
                  | scales. (AC +2) [demonic ancestry]
   127 | D:1      | Reached XP level 2. HP: 17/24 MP: 2/2
   338 | D:1      | Reached skill level 1 in Invocations
   490 | D:1      | Gained mutation: A meltable shield of frost defends you.
                  | (SH +4) [demonic ancestry]
   490 | D:1      | Reached XP level 3. HP: 27/29 MP: 3/3
   698 | D:2      | Reached skill level 1 in Evocations
  1297 | D:2      | Found an ornate altar of the Wu Jian Council.
  1305 | D:2      | Reached skill level 1 in Dodging
  1305 | D:2      | Reached XP level 4. HP: 35/35 MP: 5/5
  1541 | D:2      | Found a faded altar of an unknown god.
  1864 | D:3      | Gained mutation: A meltable icy envelope protects you from
                  | harm. (AC +4) [demonic ancestry]
  1864 | D:3      | Reached XP level 5. HP: 18/41 MP: 6/6
  2063 | D:3      | Found an ancient bone altar of Kikubaaqudgha.
  2639 | D:3      | Found a snail-covered altar of Cheibriados.
  2871 | D:4      | Gained mutation: You are mostly covered in slimy green
                  | scales. (AC +3) [demonic ancestry]
  2871 | D:4      | Reached XP level 6. HP: 38/48 MP: 7/7
  3214 | D:4      | Found Ixash's Assorted Antiques.
  3402 | D:4      | Bought a scroll labelled UHEUTU NITEO for 20 gold pieces
  3402 | D:4      | Bought a blackened glass wand for 80 gold pieces
  3402 | D:4      | Bought a sedimented coppery potion for 18 gold pieces
  3402 | D:4      | Bought a dark potion for 18 gold pieces
  3507 | D:4      | Found a staircase to the Ecumenical Temple.
  3516 | Temple   | Entered the Ecumenical Temple
  4231 | D:5      | Entered Level 5 of the Dungeon
  4258 | D:5      | Noticed a sky beast
  4264 | D:5      | Reached XP level 7. HP: 35/54 MP: 9/9
  4876 | D:6      | Gained mutation: You regenerate magic rapidly. [demonic
                  | ancestry]
  4876 | D:6      | Reached XP level 8. HP: 17/61 MP: 11/11
  5101 | D:6      | Found a glowing drain.
  5128 | Sewer    | Entered a sewer
  5944 | Sewer    | Gained mutation: You have a beak for a mouth. [potion of
                  | mutation]
  6066 | D:6      | Found Qaed's Jewellery Shoppe.
  6079 | D:6      | Noticed Sigmund
  6101 | D:6      | Killed Sigmund
  6102 | D:6      | Reached skill level 5 in Fighting
  6102 | D:6      | Reached skill level 5 in Invocations
  6322 | D:6      | Identified the +2 leather armour of Analysis {rF+ Dex+4}
  6364 | D:6      | Lost mutation: You have a beak for a mouth. [potion of
                  | mutation]
  6364 | D:6      | Gained mutation: Your spells are a little easier to cast,
                  | but a little less powerful. [potion of mutation]
  6364 | D:6      | Gained mutation: You have sharp toenails. [potion of
                  | mutation]
  6489 | D:6      | Gained mutation: Your touch may inflict minor irresistible
                  | damage on your foes. [demonic ancestry]
  6489 | D:6      | Reached XP level 9. HP: 42/68 MP: 13/13
  6616 | D:6      | Noticed Dowan
  6617 | D:6      | Noticed Duvessa
  6639 | D:6      | Killed Duvessa
  6663 | D:6      | Killed Dowan
  7117 | D:6      | Noticed Maggie
  7137 | D:6      | Killed Maggie
  7138 | D:6      | Reached skill level 5 in Armour
  7138 | D:6      | Reached skill level 5 in Shields
  7720 | D:7      | Found a flagged portal.
  7729 | D:7      | Identified the +0 chain mail of Sunob {rC+}
  7745 | Bailey   | Entered a bailey
  7813 | Bailey   | Reached skill level 5 in Axes
  7813 | Bailey   | Reached skill level 5 in Evocations
  8032 | Bailey   | Noticed an orc high priest
  8048 | Bailey   | Noticed a hellwing
  8052 | Bailey   | Noticed a smoke demon
  8550 | Bailey   | Found an iron altar of Okawaru.
  8551 | Bailey   | Noticed an orc knight
  8551 | Bailey   | Noticed an orc high priest
  8554 | Bailey   | Noticed a sun demon
  8554 | Bailey   | Noticed a hellwing
  8558 | Bailey   | Noticed a sun demon
  8558 | Bailey   | Killed from afar by an orc high priest

Illustrated notes

Levels and vault maps discovered:
D:1:      minmay_arrival_radiant_lines, layout_rooms
D:2:      layout_basic, basic_altar, shapermc_ecumenical_altar_notcrosses
D:3:      layout_basic, lemuel_zombie_altar_kikubaaqudgha, chei_slow_surprise
D:4:      layout_gridville, minmay_temple_entry_waves,
          nicolae_inconvenience_store
D:5:      layout_rooms
D:6:      layout_rooms, elyvilon_altar_3, cheibrodos_sewer_entry_bend,
          serial_bayou_pond_a, minmay_shop_enchanted_jewellery,
          minmay_stone_trees_small, uniq_duvessa, uniq_sigmund, uniq_maggie
D:7:      layout_rooms, old_standard_altar,
          nicolae_gozag_cash_rules_everything_around_me, enter_bailey_1
Temple:   oiseaux_autumnal_temple
Bailey:   bailey_axe_of_yendor_kennysheep, bailey

Skill      XL: |  1  2  3  4  5  6  7  8  9 |
---------------+----------------------------+-----
Axes           | 2 3 4 5 |  5.1
Invocations    | 1 2 3 4 5 6 |  6.6
Shields        | 3 4 5 |  5.5
Evocations     | 1 2 3 4 5 |  5.1
Armour         | 3 4 5 |  5.4
Dodging        | 1 2 3 4 |  4.4
Fighting       | 4 5 6 |  6.0

Action                   |  1- 3 |  4- 6 |  7- 9 || total
-------------------------+-------+-------+-------++-------
Melee: War axe           |   120 |   186 |   450 ||   756
       Peck              |       |       |    11 ||    11
       Kick              |       |       |    65 ||    65
Evoke: Wand              |       |       |     4 ||     4
  Use: Potion            |       |     1 |    17 ||    18
       Scroll            |       |     8 |     6 ||    14
Armor: Scale mail        |    78 |   113 |   182 ||   373
       Leather armour    |       |       |    20 ||    20
       Acid dragon scale |       |       |    44 ||    44
Dodge: Dodged            |    72 |   115 |   243 ||   430
Block: Buckler           |    54 |   128 |   326 ||   508
